Unix NetHack Version 5.0.0-0 post-release - last build Jun 10 2026 00:39:30 (3ee93aec679c4c4259841fe613dc97188e26a321,branch:main).

Game began 2026-06-15 14:56:41, ended 2026-06-15 15:24:50.

DaveT, lawful male human Priest

      ----
      |..---             *                        $    ---         *  $
 ######....|        ---        ----  ---- ----        --.----
    # |....----------.----------.>---|..--|..----------...|.--         $
      --....--......................--..(--..................--------       $
       ---.......---..----------...................---..............| ----
         --.......-----        -----.---........[........<....-----.---..----
          |........--              |.---......----............| --|.......'.|
 --  ---  |.........|              |..........|  |.....--...-----.--......|.|
--.---.----.--.....--              --....--...|  |...--------  |......(.--|.|
|...........||.....---  ----        |....---..|  --..-----------.......-- |.|
|........----|-......| --..| ---    --....-----------...........**.--..|  |.|
--..----.----|...|...| |...---.---   |-................----.........|--- --.--
--..|  |%.|.--...--..--|.........|   |....--###..........----.......|    |...|
|...-- --.........|...|--.....|..#----....|   ######-.....| |..--.---    |...|
--...|  ---........-.-- ----.----..|......-##    ##*|-....---------      --.--
 |...|    ---....-...|     ---  |...........|`*######......|          $   ---
 --..|      ----.....|          |-.^........###*##` |-.....--  * $
  --.|         --....|          |............#*`#** |.......|     *
    --          |..---          --.--###.#..##      --.|.|.--
                ----             ---   #-####        -------
DaveT the Adept              St:5 Dx:15 Co:12 In:9 Wi:18 Ch:10  Lawful
Dlvl:7  $:207 HP:0(62) Pw:77(89) AC:3  Xp:7 T:3016  Stressed

Latest messages:
 You are carrying too much to get through.
 What do you want to use or apply? [sBD-FORUW or ?*] E
 You now wield a pick-axe.
 In what direction do you want to dig? [hkub>] k
 You start digging.
 You hit the rock with all your might.
 You make an opening in the wall.
 The tengu appears!
 What do you want to wield? [- aprCEL or ?*] a
 a - a blessed +1 mace (weapon in right hand).
 The tengu vanishes!
 The tengu appears close by!
 A gush of water hits the tengu's right forelimb!
 The tengu vanishes!
 You see here 8 rocks.
 With great effort you move the boulder.
 You see here 2 orange gems.
 The tengu appears close by!
 The tengu vanishes!
 The yellow light explodes at a spot in thin air!
 You see here a whistle.
 You hear crashing rock.
 The tengu vanishes!
 The rope golem misses!
 The rope golem hits!
 You hit the rope golem!
 You hit the rope golem.
 The rope golem hits!
 The rope golem misses!
 The rope golem hits!
 The rope golem misses!
 You miss the rope golem.
 You hit the rope golem!
 The rope golem hits!
 The rope golem misses!
 The rope golem hits!
 The rope golem hits again!
 The rope golem grabs you!
 The tengu appears close by!
 You hit the rope golem!
 The rope golem hits!
 The rope golem hits again!
 You are being choked.
 You hit the rope golem!
 The rope golem hits!
 The rope golem hits again!
 You are being choked.
 You die...
 Do you want your possessions identified? [ynq] (y) y
 Do you want to see your attributes? [ynq] (y) q

Inventory:
 Coins    ('$')
  $ - 207 gold pieces
 Weapons  (')')
  r - 18 +0 darts
  C - a +0 dagger (at the ready)
  p - a +0 orcish dagger
  L - a +0 aklys
  a - a blessed +1 mace (weapon in right hand)
 Armor    ('[')
  P - a cursed -2 pair of gauntlets of fumbling
  o - a +0 pair of speed boots (being worn)
  c - a +0 small shield (being worn)
  b - a +0 robe (being worn)
  n - a +0 studded leather armor (being worn)
 Comestibles  ('%')
  e - a clove of garlic
  m - 2 food rations
  q - 4 food rations
  f - a sprig of wolfsbane
 Scrolls  ('?')
  Q - a scroll of identify
 Potions  ('!')
  T - a potion of extra healing
  d - 3 potions of holy water
 Wands    ('/')
  R - a wand of digging (0:7)
  s - a wand of stasis (0:3)
  D - a wand of striking (0:2)
 Tools    ('(')
  F - a bag of tricks (0:5)
  B - a lock pick
  U - a blessed oil lamp
  E - a +0 pick-axe
  W - a skeleton key
  O - a stethoscope

DaveT the Priest's attributes:

Background:
 You were an Adept, a level 7 human Priest.
 You were lawful, nominally on a mission for Anu
 who was opposed by Ishtar (neutral) and Anshar (chaotic).
 You were right-handed.
 You were in the Gnomish Mines, on level 7.
 You entered the dungeon 3016 turns ago.
 There was a new moon in effect when your adventure ended.
 You had 1161 experience points, 119 more were needed to attain level 8.

Basics:
 You had 0 out of 62 hit points.
 You had 77 out of 89 energy points (spell power).
 Your armor class was 3.
 Your wallet contained 207 zorkmids.
 Autopickup was off.

Final Characteristics:
 Your strength was 5 (peak:12, limit:18/100).
 Your dexterity was 15 (limit:18).
 Your constitution was 12 (limit:18).
 Your intelligence was 9 (limit:18).
 Your wisdom was 18 (limit:18).
 Your charisma was 10 (limit:18).

Final Status:
 You were held by a rope golem (west).
 You weren't hungry.
 You were stressed; movement was moderately slowed.
 You were wielding a mace.
 You were skilled in mace and could have enhanced that.

Final Attributes:
 You were piously aligned.
 You were invisible.
 You were guarded.
 Your spell casting was enhanced by wearing a robe.
 You were very fast.
 You are dead.

Miscellaneous:
 You didn't encounter any bones levels.
 Total elapsed playing time was 28 minutes and 8 seconds.

Major events:
 Turn
    1: DaveT the lawful human Priest entered the dungeon
  462: entered the Gnomish Mines
  482: attained the rank of Acolyte (level 3)
 1381: attained the rank of Adept (level 6)
 1543: reached Mine Town
 3016: killed by a rope golem

Spells:
 Name                 Level Category     Fail Retention
 healing                1   healing        0%  76%-100%
 light                  1   clerical       0%   81%-90%
 force bolt             1   attack         0%  76%-100%

Skills:
 Fighting Skills
   bare handed combat [Unskilled]
 Weapon Skills
   club               [Unskilled]
   mace               [Skilled]
   morning star       [Unskilled]
   flail              [Unskilled]
   hammer             [Unskilled]
   quarterstaff       [Unskilled]
   polearms           [Unskilled]
   spear              [Unskilled]
   trident            [Unskilled]
   lance              [Unskilled]
   bow                [Unskilled]
   sling              [Unskilled]
   crossbow           [Unskilled]
   dart               [Unskilled]
   shuriken           [Unskilled]
   boomerang          [Unskilled]
   unicorn horn       [Unskilled]
 Spellcasting Skills
   healing spells     [Unskilled]
   divination spells  [Unskilled]
   clerical spells    [Basic]

Voluntary challenges:
 Character rerolling was not enabled.
 You were an atheist.
 You never genocided any monsters.
 You never polymorphed an object.
 You never changed form.
 You used no wishes.
Achievements:
 You entered a shop.
 You entered the Gnomish Mines.
 You attained the rank of Acolyte.
 You attained the rank of Adept.
 You entered Minetown.

 The Dungeons of Doom: levels 1 to 3
    Level 1:
    Level 2:
       A weapon shop, a fountain.
       Stairs down to The Gnomish Mines.
    Level 3:
 The Gnomish Mines: levels 3 to 8
    Level 3:
    Level 4:
    Level 5:
    Level 6:
       Some shops, some fountains.
    Level 7: <- You were here.
       Final resting place for
          you, killed by a rope golem.
    Level 8:


Vanquished creatures:
  a small mimic
  a yeti
  a dust vortex
  a snake
 an imp
  a yellow light
 10 gnome leaders
  2 gnomish wizards
  4 giant ants
  a little dog
  a floating eye
  2 kittens
  5 dwarves
  a homunculus
  a rothe
  a giant bat
 an iguana
 an acid blob
  a hobbit
  3 giant rats
  a green mold
 41 gnomes
  4 garter snakes
  2 geckos
  a jackal
  a goblin
  3 grid bugs
  3 lichens
  a kobold zombie
  2 newts
99 creatures vanquished.

No species were genocided or became extinct.

Game over:
                       ----------
                      /          \
                     /    REST    \
                    /      IN      \
                   /     PEACE      \
                  /                  \
                  |      DaveT       |
                  |      207 Au      |
                  | killed by a rope |
                  |      golem       |
                  |                  |
                  |                  |
                  |       2026       |
                 *|     *  *  *      | *
        _________)/\\_//(\/(/\)/\//\/|_)_______

Goodbye DaveT the Priest...

You died in The Gnomish Mines on dungeon level 7 with 4275 points,
and 207 pieces of gold, after 3016 moves.
You were level 7 with a maximum of 62 hit points when you died.

